 Dungeon Crawl Stone Soup version 0.23-a0-32-g1388f29e54 (webtiles) character file.

51 Esekla the Vexing (level 4, -9/32 HPs)
             Began as a Formicid Enchanter on Aug 4, 2018.
             Shot with an arrow by a centaur (10 damage)
             ... on level 4 of the Dungeon.
             The game lasted 00:16:19 (1784 turns).

Esekla the Vexing (Formicid Enchanter)              Turns: 1784, Time: 00:16:20

Health: -9/32      AC:  3    Str: 12    XL:     4   Next: 5%
Magic:  7/7        EV: 12    Int: 16    God:
Gold:   118        SH:  0    Dex: 11    Spells: 3/7 levels left

rFire    . . .     SeeInvis +   a - +1 dagger
rCold    . . .     Gourm    .   (no shield)
rNeg     . . .     Faith    .   b - +0 robe
rPois    .         Spirit   .   (helmet unavailable)
rElec    .         Reflect  .   (no cloak)
rCorr    .         Harm     .   t - +0 pair of gloves
MR       .....                  (no boots)
Stlth    ++........             (no amulet)
HPRegen  0.10/turn              (no ring)
MPRegen  0.10/turn              (no ring)

@: no status effects
A: permanent stasis, dig shafts and tunnels, four strong arms, antennae 3
a: Dig, Shaft Self


You were on level 4 of the Dungeon.
You were not hungry.

You visited 1 branch of the dungeon, and saw 5 of its levels.

You collected 118 gold pieces.

Inventory:

Hand Weapons
 a - a +1 dagger (weapon)
 f - a +3 whip
Missiles
 c - 95 stones (quivered)
 o - 8 tomahawks
Armour
 b - a +0 robe (worn)
 t - a +0 pair of gloves (worn)
Jewellery
 l - an uncursed ring of positive energy {unknown}
Scrolls
 e - 2 scrolls of remove curse {unknown}
 h - a scroll of fog {unknown}
 j - 2 scrolls of enchant weapon {unknown}
 n - a scroll of blinking {unknown}
 p - a scroll of enchant armour {unknown}
 q - a scroll of identify {unknown}
 v - a scroll of magic mapping {unknown}
Potions
 g - a potion of might {unknown}
 i - 2 potions of curing
 k - a potion of degeneration {unknown}
 m - 2 potions of haste {unknown}
 r - a potion of lignification {unknown}
 s - a potion of invisibility {unknown}
 u - a potion of agility {unknown}
Comestibles
 d - 5 rations


   Skills:
 + Level 1.1 Fighting
 * Level 2.1 Short Blades
 + Level 2.1 Dodging
 - Level 4.0 Stealth
 + Level 2.3 Spellcasting
 - Level 4.0 Hexes


You had 3 spell levels left.
You knew the following spells:

 Your Spells              Type           Power        Failure   Level  Hunger
a - Corona                Hex            ##.....      3%          1    #......
b - Tukima's Dance        Hex            ##......     12%         3    ###....

Your spell library contained the following spells:

 Spells                   Type           Power        Failure   Level  Hunger
 Confuse                  Hex            ##......     12%         3    ###....
 Ensorcelled Hibernation  Hex/Ice        #.....       13%         2    ###....
 Dazzling Spray           Conj/Hex       #.....       26%         3    ###....


Dungeon Overview and Level Annotations

Branches:
Dungeon (5/15)
 Temple: D:4-7

Altars:
Qazlal


Innate Abilities, Weirdness & Mutations

You cannot be hasted, slowed, berserked, paralysed or teleported.
You can dig through walls and to a lower floor.
Your four strong arms can wield two-handed weapons with a shield.
You have a pair of large antennae on your head. (SInv)


Message History

There is a stone staircase leading down, spattered with blood here.
The centaur hits you but does no damage.
The centaur closely misses you.
You hit the centaur but do no damage.
The centaur is severely wounded.
The centaur hits you.
* * * LOW HITPOINT WARNING * * *
You barely miss the centaur.
The centaur is severely wounded.
A worker ant comes into view.
The centaur barely misses you.
You hit the centaur but do no damage.
The centaur is severely wounded.
The centaur closely misses you.
The centaur hits you but does no damage.
The gnoll closely misses you.
The gnoll shouts!
A gnoll comes into view.
The centaur wields a shortbow.
The centaur shoots an arrow.
The arrow hits you!
You die...

.......... ...
#.......###.#
######......# {
..........##
........#..#####
#>.............##########.
#.....#...###.............
#.....###..###............
.###### ##.# ###@....a....
..#### #.# #.##.......
.....#####.#####c##..gg...
#......†........gg........
###.....#.......##........
# #####.<).###....J.......
## ###......##.........
.## .......####...[.....
..# .#.....# #.....(...


You could see a centaur, a worker ant and 4 gnolls.

Vanquished Creatures
  An adder (D:2)
  A worm (D:4)
  3 leopard geckos
  3 bats
  4 giant cockroaches
  3 goblins
  5 hobgoblins
  A quokka (D:2)
  A ball python (D:4)
  2 frilled lizards (D:1)
  5 kobolds
  4 rats
33 creatures vanquished.

Notes
Turn   | Place    | Note
-------+----------+-------------------------------------------
     0 | D:1      | Esekla the Formicid Enchanter began the quest for the Orb.
     0 | D:1      | Reached XP level 1. HP: 13/13 MP: 3/3
   143 | D:1      | Reached XP level 2. HP: 19/20 MP: 5/5
   471 | D:2      | Noticed a crimson imp
   703 | D:1      | Reached XP level 3. HP: 13/25 MP: 6/6
   708 | D:1      | Learned a level 3 spell: Tukima's Dance
   950 | D:2      | Reached skill level 1 in Fighting
  1471 | D:3      | You fall through a shaft!
  1594 | D:4      | Found a stormy altar of Qazlal.
  1596 | D:4      | Noticed a fire elemental
  1597 | D:4      | Noticed an air elemental
  1597 | D:4      | Noticed a water elemental
  1597 | D:4      | Noticed an earth elemental
  1618 | D:4      | Reached XP level 4. HP: 27/32 MP: 7/7
  1745 | D:5      | Entered Level 5 of the Dungeon
  1745 | D:5      | Noticed a phantom
  1771 | D:5      | Noticed a centaur
  1781 | D:4      | HP: 1/32 [centaur (4)]
  1784 | D:4      | Shot with an arrow by a centaur

Vault maps used:
D:1:      minmay_arrival_four_loops, minmay_misc_feat_diagonals
D:2:      kennysheep_okawaru_gauntlet
D:3:      lemuel_crystal_altar, grunt_temple_overflow_gold_and_silver
D:4:      grunt_temple_overflow_bloody_war, overflow_temple_1_default,
          nicolae_qazlal_style_of_elements, first_ration, lemuel_old_faithful
D:5:      minitemple, minmay_item_behind_shaft

Skill      XL: |  1  2  3 |
---------------+----------+-----
Hexes          | 4 |  4.0
Fighting       | 1 |  1.1
Dodging        | 2 |  2.1
Stealth        | 4 |  4.0
Short Blades   | 2 |  2.1
Spellcasting   | |  2.3

Action                   |  1- 3 |  4- 6 || total
-------------------------+-------+-------++-------
Melee: Dagger            |   145 |     8 ||   153
Throw: Stone             |    18 |       ||    18
 Cast: Corona            |     1 |       ||     1
  Use: Scroll            |     1 |       ||     1
       Potion            |     1 |       ||     1
 Stab: Sleeping          |    11 |     1 ||    12
  Eat: Ration            |     1 |       ||     1
Armor: Robe              |    20 |     4 ||    24
Dodge: Dodged            |    74 |     8 ||    82

Table legend:
 A = Spawn XP
 B = Non-spawn XP
 C = Spawn XP percentage of total XP
 D = Spawn monster count
 E = Non-spawn monster count
 F = Spawn count percentage of total count
 G = Total turns spent on level
                    A         B        C        D         E        F      G
               +---------+---------+-------+---------+---------+-------+---------
         Total |       0 |      73 |   0.0 |       0 |      33 |   0.0 |  1784
               +---------+---------+-------+---------+---------+-------+---------
           D:1 |       0 |      26 |   0.0 |       0 |      14 |   0.0 |   709
           D:2 |       0 |      38 |   0.0 |       0 |      15 |   0.0 |   728
           D:3 |       0 |       1 |   0.0 |       0 |       1 |   0.0 |    36
           D:4 |       0 |       8 |   0.0 |       0 |       3 |   0.0 |   302
               +---------+---------+-------+---------+---------+-------+---------
